 Dungeon Crawl Stone Soup version 0.22.0-25-g7663229ff0 (webtiles) character file.

659 Kirk the Chopper (level 7, -3/52 HPs)
             Began as a Demonspawn Gladiator on Aug 20, 2018.
             Slain by an ogre
             ... wielding a +0 giant club
              (20 damage)
             ... on level 4 of the Dungeon.
             The game lasted 00:07:13 (3691 turns).

Kirk the Chopper (Demonspawn Gladiator)             Turns: 3691, Time: 00:07:13

Health: -3/52      AC:  6    Str: 14    XL:     7   Next: 30%
Magic:  7/7        EV: 11    Int: 12    God:
Gold:   101        SH:  0    Dex: 14    Spells: 6/6 levels left

rFire    . . .     SeeInvis .   a - +1 war axe
rCold    . . .     Gourm    .   (no shield)
rNeg     . . .     Faith    .   l - +0 ring mail
rPois    .         Spirit   .   (helmet restricted)
rElec    .         Reflect  .   (no cloak)
rCorr    .         Harm     +   c - +0 pair of gloves
MR       .....                  (no boots)
Stlth    +.........             h - amulet of harm
HPRegen  0.17/turn              (no ring)
MPRegen  0.10/turn              (no ring)

@: no status effects
A: horns 2, foul stench 1, rot immunity
a: no special abilities


You were on level 4 of the Dungeon.
You were not hungry.

You visited 1 branch of the dungeon, and saw 5 of its levels.

You collected 101 gold pieces.

Inventory:

Hand Weapons
 a - a +1 war axe (weapon)
Armour
 c - a +0 pair of gloves (worn)
 l - a +0 ring mail (worn)
Jewellery
 h - an amulet of harm (around neck)
Scrolls
 d - a scroll of blinking {unknown}
 e - a scroll of immolation {unknown}
 g - a scroll of identify
 j - 4 scrolls of magic mapping {unknown}
Potions
 b - a potion of curing
Comestibles
 f - 6 rations
 i - 4 chunks of flesh


   Skills:
 + Level 3.4 Fighting
 * Level 6.7 Axes
 - Level 1.7 Throwing
 + Level 2.6 Armour
 - Level 2.6 Dodging


You had 6 spell levels left.
You didn't know any spells.
Your spell library contained the following spells:

 Spells                   Type           Power        Failure   Level  Hunger
 Magic Dart               Conj           #...         54%         1    ##.....
 Blink                    Tloc           N/A          69%         2    ###....
 Call Imp                 Summ           #.......     69%         2    ###....
 Slow                     Hex            #.......     69%         2    ###....
 Conjure Flame            Conj/Fire      #.......     89%         3    ####...
 Mephitic Cloud           Conj/Pois/Air  #.......     89%         3    ####...


Dungeon Overview and Level Annotations

Branches:
Dungeon (5/15)
 Temple: D:4-7

Altars:
Elyvilon
Wu Jian


Innate Abilities, Weirdness & Mutations

You have a pair of horns on your head.
You may emit foul miasma when damaged in melee.
You are immune to rotting.


Message History

Found a scroll labeled BAIBROUKHY.
You hit the dart slug.
The dart slug is lightly wounded.
You hit the dart slug.
The dart slug is moderately wounded.
The dart slug closely misses you. The ogre barely misses you.
You slash the dart slug!
You kill the dart slug!
You barely miss the ogre. You hit the ogre but do no damage.
The ogre barely misses you.
You hit the ogre.
The ogre is moderately wounded.
The ogre closely misses you.
You slash the ogre!
The ogre is severely wounded.
The ogre hits you with a giant club!!
You hit the ogre.
The ogre is almost dead.
The ogre hits you with a giant club!
You die...

.......#......## ..
.......#h.....## ##.
.......#.l...### #..
..._.....Z.g..g. #..
.......#.h..a... #.?
...?...#........ #..
.......#......). ...
#..####.####........ ....
#.O@........w....... ...
>....# #.....#.##..........
.........#
#####...##.##.##.###
........######....###....
#.###
........#.....##.###..####.##.
#.##.....#####....._....#.#..
#..........##.............#..
#......#.#.#..............#..
#........................##.


You could see an ogre.

Vanquished Creatures
  Grinder (D:3)
  An ice beast (D:3)
  A hound (D:4)
  Jessica (D:3)
  An iguana (D:4)
  A worker ant (D:4)
  A hound skeleton (D:4)
  Robin (D:3)
  11 gnolls
  3 adders
  An ooze (D:3)
  An adder skeleton (D:4)
  3 worms
  3 dart slugs
  5 leopard geckos
  3 orcs
  7 bats
  5 giant cockroaches
  13 goblins
  12 hobgoblins
  6 jackals
  9 kobolds
  A ball python (D:1)
  4 frilled lizards
  A quokka zombie (D:4)
  3 rats (D:1)
99 creatures vanquished.

Notes
Turn   | Place    | Note
-------+----------+-------------------------------------------
     0 | D:1      | Kirk the Demonspawn Gladiator began the quest for the Orb.
     0 | D:1      | Reached XP level 1. HP: 16/16 MP: 1/1
    75 | D:1      | Reached skill level 3 in Axes
    85 | D:1      | Gained mutation: You have a pair of small horns on your head. [demonic ancestry]
    85 | D:1      | Reached XP level 2. HP: 18/22 MP: 2/2
   384 | D:1      | Gained mutation: You have a pair of horns on your head. [demonic ancestry]
   384 | D:1      | Reached XP level 3. HP: 27/27 MP: 3/3
  1472 | D:3      | Reached skill level 4 in Axes
  1517 | D:3      | Noticed Robin
  1738 | D:3      | Killed Robin
  1738 | D:3      | Reached XP level 4. HP: 14/34 MP: 4/4
  1968 | D:3      | Noticed Grinder
  1976 | D:3      | Killed Grinder
  1976 | D:3      | Reached skill level 5 in Axes
  1976 | D:3      | Reached skill level 1 in Armour
  1976 | D:3      | Reached XP level 5. HP: 32/41 MP: 5/5
  1976 | D:3      | Gained mutation: You are immune to rotting. [demonic ancestry]
  1976 | D:3      | Reached XP level 6. HP: 37/47 MP: 6/6
  2119 | D:3      | Noticed Jessica
  2127 | D:3      | Killed Jessica
  2141 | D:3      | You fall through a shaft for 2 floors!
  2141 | D:5      | Entered Level 5 of the Dungeon
  2148 | D:5      | Noticed a two-headed ogre
  2201 | D:5      | HP: 1/47 [crimson imp (2)]
  2541 | D:4      | Found a white marble altar of Elyvilon.
  2904 | D:3      | Noticed an ice beast
  3106 | D:3      | Killed an ice beast
  3106 | D:3      | Reached skill level 6 in Axes
  3106 | D:3      | Gained mutation: You may emit foul miasma when damaged in melee. [demonic ancestry]
  3106 | D:3      | Reached XP level 7. HP: 42/52 MP: 7/7
  3359 | D:4      | Found an ornate altar of the Wu Jian Council.
  3691 | D:4      | Slain by an ogre

Skill      XL: |  1  2  3  4  5  6 |
---------------+-------------------+-----
Axes           | 3 4 5 6 |  6.7
Fighting       | 3 |  3.4
Armour         | 1 2 |  2.6
Throwing       | |  1.7
Dodging        | |  2.6

Action                   |  1- 3 |  4- 6 |  7- 9 || total
-------------------------+-------+-------+-------++-------
Melee: War axe           |   148 |    82 |    44 ||   274
       Headbutt          |    11 |    15 |    11 ||    37
Throw: Throwing net      |       |     2 |     1 ||     3
  Use: Scroll            |       |     5 |       ||     5
       Potion            |       |     4 |     2 ||     6
 Stab: Sleeping          |     1 |       |       ||     1
       Held in net/web   |       |       |     1 ||     1
  Eat: Chunk             |     2 |     5 |     2 ||     9
Armor: Leather armour    |    44 |       |       ||    44
       Ring mail         |    22 |    44 |    13 ||    79
Dodge: Dodged            |   121 |    83 |    23 ||   227
